 Dungeon Crawl Stone Soup version 0.18-a0-1225-g5d63bca (webtiles) character file.

2080 Chiseanne the Fighter (level 9, 0/85 HPs)
             Began as a Centaur Air Elementalist on Feb 3, 2016.
             Was an Initiate of Gozag.
             Succumbed to a worker ant's poison
             ... on level 7 of the Dungeon.
             The game lasted 00:29:24 (10563 turns).

Chiseanne the Fighter (Centaur Air Elementalist)   Turns: 10563, Time: 00:29:24

Health: 0/85       AC:  6    Str: 11    XL:     9   Next: 6%
Magic:  11/25      EV:  9    Int: 17    God:    Gozag
Gold:   589        SH:  0    Dex: 10    Spells: 3 memorised, 12 levels left

rFire  . . .     SeeInvis .     a - +2 hand axe (chop)
rCold  . . .     Gourm    .     v - +0 robe
rNeg   . . .     Faith    .     (no shield)
rPois  .         Spirit   .     (no helmet)
rElec  .         Dismiss  .     y - +1 cloak
rCorr  .         Reflect  .     (no gloves)
SustAt .         Harm     .     (no barding)
MR     .....                    n - amulet of regeneration
Stlth  +.........               l - ring of wizardry
                                i - ring of magical power

@: lethally poisoned (0 -> -6), very slightly contaminated, repel missiles, very
heavily drained, very quick, not resistant to hostile enchantments, very
unstealthy
A: hooves 3, deformed body, speed 2, tough skin 3
a: Potion Petition, Call Merchant, Bribe Branch, Renounce Religion


You were on level 7 of the Dungeon.
You worshipped Gozag.
Gozag was noncommittal.
You were not hungry.

You visited 2 branches of the dungeon, and saw 8 of its levels.

You collected 665 gold pieces.
You paid 76 gold pieces to Gozag.

Inventory:

Hand Weapons
 a - a +2 hand axe of chopping (weapon)
 s - a +2 flail of draining
Missiles
 f - 45 bolts
 k - 24 poisoned needles
 A - 65 arrows
 D - 6 silver bolts
 F - a tomahawk (quivered)
Armour
 j - the +2 cloak "Taciud" {rPois rF- rC+ Dex+8}
   (You found it on level 5 of the Dungeon)

   It affects your dexterity (+8).
   It makes you vulnerable to fire.
   It protects you from cold.
   It protects you from poison.
 u - the +3 leather armour of Impermeability {rElec rF- Int-2 Dex+8}
   (You found it on level 4 of the Dungeon)

   It affects your intelligence (-2).
   It affects your dexterity (+8).
   It makes you vulnerable to fire.
   It insulates you from electricity.
 v - a +0 robe (worn)
 y - a +1 cloak (worn)
Magical Staves
 d - an uncursed staff of cold
Jewellery
 c - an uncursed ring of poison resistance
 i - a ring of magical power (left hand)
 l - a ring of wizardry (right hand)
 n - an amulet of regeneration (around neck)
Scrolls
 e - a scroll of amnesia
 m - 6 scrolls of remove curse
 p - 2 scrolls of blinking
 t - 5 scrolls of teleportation
 z - a scroll of fear
Potions
 g - a potion of mutation {unknown}
 h - a potion of magic
 o - 3 potions of curing
 r - a potion of invisibility {unknown}
 w - a potion of agility {unknown}
 x - 2 potions of heal wounds {unknown}
 B - 3 potions of lignification
 C - a potion of brilliance
 E - a potion of haste {unknown}
Books
 b - a book of Air

   Spells                             Type                      Level
   a - Shock                          Conjuration/Air              1
   b - Swiftness                      Charms/Air                   2
   c - Repel Missiles                 Charms/Air                   2
   d - Static Discharge               Conjuration/Air              3
   e - Lightning Bolt                 Conjuration/Air              5
Comestibles
 q - a meat ration


   Skills:
 - Level 10.0(5.7) Fighting
 - Level 1.3(0.0) Dodging
 - Level 1.2(0.0) Stealth
 * Level 5.1(1.4) Spellcasting
 - Level 0.8(0.0) Conjurations
 - Level 2.6(0.0) Air Magic


You had 12 spell levels left.
You knew the following spells:

 Your Spells              Type           Power        Failure   Level  Hunger
a - Shock                 Conj/Air       #...         10%         1    ##.....
b - Repel Missiles        Chrm/Air       #.....       14%         2    ###....
c - Static Discharge      Conj/Air       #.......     38%         3    ####...


Dungeon Overview and Level Annotations

Branches:
Dungeon (7/15)             Temple (1/1) D:5

Altars:
Ashenzari
Cheibriados
Dithmenos
Elyvilon
Fedhas
Gozag
Kikubaaqudgha
Makhleb
Nemelex Xobeh
Okawaru
Pakellas
Qazlal
Ru
Sif Muna
Trog
Vehumet
Xom
Yredelemnul
Zin
The Shining One

Annotations:
D:2 Sigmund, Terence
D:3 exclusions: door and 1 more exclusion


Innate Abilities, Weirdness & Mutations

You have hooves in place of feet.
Armour fits poorly on your strangely shaped body.
You cover ground very quickly.
You have extremely tough skin (AC +3).


Message History

Aiming: Shock
Press: ? - help, Shift-Dir - straight line, f/p - orc warrior
Aim: an orc warrior, wielding a trident and wearing a chain mail (moderately wounded)
The zap hits the worker ant.
The worker ant is heavily wounded.
The zap hits the orc warrior.
The orc warrior is moderately wounded.
You feel sick.
The orc warrior hits you from afar with a trident!
* * * LOW HITPOINT WARNING * * *
The worker ant bites you.
* * * LOW HITPOINT WARNING * * *
Casting: Shock
Confirm with . or Enter, or press ? or * to list all spells.
Aiming: Shock
Press: ? - help, Shift-Dir - straight line, f/p - orc warrior
Aim: an orc warrior, wielding a trident and wearing a chain mail (moderately wounded)
You miscast Shock.
Strange energies run through your body.
You die...
Your body crumbles into a pile of gold.

#...... ..... ...
#$# #o# #######
#o# #.....#####o#
######........##a#
.....#..[.....##@#
.<............'..#
.....###......####
.....# #......#
.....# #......#
###### ########


You could see an orc warrior, a worker ant, an orc wizard and an orc.

Vanquished Creatures
  Eustachio (D:6)
  Menkaure (D:4)
  A sky beast (D:5)
  An ogre (D:6)
  A phantom (D:5)
  A centaur (D:5)
  3 giant frogs
  8 wights
  2 jellies
  2 crimson imps (D:5)
  2 hounds
  2 orc priests (D:4)
  7 orc wizards
  An iguana (D:5)
  A centaur skeleton (D:4)
  Jessica (D:3)
  Ijyb (D:2)
  Natasha (twice) (D:3)
  4 worker ants
  A hound zombie (D:6)
  A worker ant zombie (D:5)
  8 adders
  An ooze (D:2)
  An adder skeleton (D:4)
  4 worms
  7 giant geckos
  17 orcs
  2 ball pythons
  10 bats
  6 giant cockroaches
  8 goblins
  14 hobgoblins
  6 jackals
  12 kobolds
  4 quokkas
  2 giant gecko skeletons
  8 giant newts
  A jackal skeleton (D:5)
  8 rats
163 creatures vanquished.

Vanquished Creatures (others)
  2 orc wizards
2 creatures vanquished.

Grand Total: 165 creatures vanquished

Notes
Turn   | Place    | Note
--------------------------------------------------------------
     0 | D:1      | Chiseanne the Centaur Air Elementalist began the quest for the Orb.
     0 | D:1      | Reached XP level 1. HP: 14/14 MP: 3/3
   109 | D:1      | Reached skill level 1 in Fighting
   348 | D:1      | Reached XP level 2. HP: 5/24 MP: 2/4
  1204 | D:1      | Reached XP level 3. HP: 22/30 MP: 5/5
  1383 | D:1      | casual: Sup.
  1383 | D:1      | Chiseanne: short game before3 I have to go to work
  1383 | D:1      | Chiseanne: sup?
  1637 | D:2      | Reached skill level 3 in Fighting
  1821 | D:2      | casual: Trying out the new god. His mechanics is... Interesting.
  1821 | D:2      | Chiseanne: pakellas?
  1826 | D:2      | Noticed Ijyb
  1847 | D:2      | Killed Ijyb
  1847 | D:2      | Reached skill level 4 in Fighting
  1847 | D:2      | Reached XP level 4. HP: 23/40 MP: 0/6
  1849 | D:2      | casual: Nah, the newer one.
  1851 | D:2      | Chiseanne: wich one?
  1851 | D:2      | Chiseanne: name?
  1974 | D:2      | casual: Ukayaw.
  1977 | D:2      | Learned a level 2 spell: Repel Missiles
  1977 | D:2      | casual: I had to look.
  1977 | D:2      | casual: Too new to be remembered.
  1977 | D:2      | Chiseanne: hmm it doesnt show
  1977 | D:2      | casual: Experimental on cbro.
  1977 | D:2      | Chiseanne: ah kk so what does he do then?
  2181 | D:2      | casual: Extremely fast piety gain, quite fast decay. God of dance.
  2230 | D:2      | casual: Piety is gained by fighting.
  2230 | D:2      | Chiseanne: and what are the favors?
  2244 | D:2      | casual: So you can go from 1 to 6 in a few turns in a high tension combat.
  2297 | D:2      | Noticed Terence
  2315 | D:2      | casual: ukayaw[1/2]: Experimental branch god of ecstatic dance. Piety raises very quickly as you deal damage and drops very quickly over time. *: Stomp for AOE damage. **: Teleport through a line of creatures, confusing them. ***: on reaching this piety level, briefly paralyze all enemies in LOS. ****: On reaching this piety level, monsters share damage. *****: Telefrag any monster in LOS.
  2334 | D:2      | casual: ukayaw powers[1/1]: *: Stomp. **: Line Pass. *****: Grand Finale. Upon reaching ***, briefly and irresistably paralyze all monsters in LOS. Upon reaching ****, pain bond all monsters in LOS. The *** and **** powers can be triggered once per 30 turns. All powers scale heavily w/ Invo.
  2334 | D:2      | Chiseanne: hmm hmmm
  2334 | D:2      | Chiseanne: sounds ...dunno :D
  2334 | D:2      | Chiseanne: may work or may not
  2334 | D:2      | Chiseanne: does it?
  2350 | D:2      | casual: Sounds unique and interesting.
  2378 | D:1      | casual: Kinda works so far.
  2569 | D:1      | casual: I'm only level 9 though.
  2569 | D:1      | casual: Will see.
  2571 | D:1      | Chiseanne: does he gift?
  2587 | D:1      | casual: No.
  2591 | D:1      | casual: But he telefrags!
  2620 | D:2      | Chiseanne: what is that?
  2651 | D:2      | casual: You tele into a mob, the mob is annihilated.
  2893 | D:1      | Chiseanne: nice!
  3165 | D:2      | Noticed Sigmund
  3286 | D:3      | Found a basalt altar of Yredelemnul.
  3624 | D:3      | Reached XP level 5. HP: 45/47 MP: 7/7
  3776 | D:3      | Noticed Jessica
  3817 | D:3      | Killed Jessica
  3817 | D:3      | Reached skill level 5 in Fighting
  4031 | D:3      | Found a sacrificial altar of Ru.
  4042 | D:3      | Noticed Natasha
  4051 | D:3      | Killed Natasha
  4157 | D:3      | Reached skill level 6 in Fighting
  4157 | D:3      | Reached XP level 6. HP: 11/57 MP: 8/8
  4287 | D:3      | Noticed Natasha
  4299 | D:3      | Killed Natasha
  4330 | D:4      | Found a white marble altar of Elyvilon.
  4371 | D:4      | Found a snail-covered altar of Cheibriados.
  4371 | D:4      | Found a glowing golden altar of the Shining One.
  4426 | D:4      | Got an amethyst-encrusted leather armour
  4596 | D:4      | Reached skill level 7 in Fighting
  4977 | D:4      | Identified the +3 leather armour of Impermeability {rElec rF- Int-2 Dex+8} (You found it on level 4 of the Dungeon)
  4981 | D:4      | Learned a level 3 spell: Static Discharge
  5023 | D:4      | Reached XP level 7. HP: 26/66 MP: 9/9
  5250 | D:4      | Noticed Menkaure
  5373 | D:4      | Killed Menkaure
  5632 | D:4      | Reached skill level 8 in Fighting
  5892 | D:5      | Entered Level 5 of the Dungeon
  5946 | D:5      | Found an opulent altar of Gozag.
  5947 | D:5      | Found a burning altar of Makhleb.
  5948 | D:5      | Found a bloodstained altar of Trog.
  5948 | D:5      | Found a stormy altar of Qazlal.
  5951 | D:5      | Became a worshipper of Gozag Ym Sagoz the Greedy
  6222 | D:5      | HP: 3/69 [phantom (6)]
  6479 | D:5      | Reached skill level 9 in Fighting
  6672 | D:5      | Found a staircase to the Ecumenical Temple.
  6673 | D:5      | casual: LOL. I teleported onto an island... And then realized that I have perma-stasis. So no way to get out.
  6675 | D:5      | Got a warped cloak
  6676 | D:5      | Chiseanne: :D:D:D
  6676 | D:5      | Chiseanne: self-owned!
  6687 | D:5      | Identified the +2 cloak "Taciud" {rPois rF- rC+ Dex+8} (You found it on level 5 of the Dungeon)
  6759 | D:5      | Found an oddly glowing altar of Pakellas.
  6766 | D:5      | Reached XP level 8. HP: 53/78 MP: 10/10
  7450 | Temple   | Entered the Ecumenical Temple
  7902 | D:5      | Reached skill level 10 in Fighting
  8217 | D:6      | HP: 3/79 [wight/enchanted great sword (5)]
 10114 | D:6      | Noticed Eustachio
 10159 | D:6      | Killed Eustachio
 10266 | D:6      | Reached XP level 9. HP: 83/85 MP: 16/16
 10386 | D:6      | Reached skill level 5 in Spellcasting
 10474 | D:6      | casual: Haha, I managed to get out. Polied an orc into a death drake so he could get to me, then used him to get piety and port out.
 10474 | D:6      | Chiseanne: well played! :D
 10525 | D:7      | casual: This god sure isn't boring.
 10562 | D:7      | HP: 2/85 [orc warrior/trident (13)]
 10563 | D:7      | Succumbed to a worker ant's poison

Vault maps used:
D:1:      roderic_chinese_lattice_arrival, minmay_vboxes
D:2:      uniq_terence, uniq_sigmund, uniq_iyjb
D:3:      yredelemnul_forgotten_temple_becter, small_statue_intersection,
          nicolae_ru_awakened_eye, uniq_jessica, uniq_natasha,
          uniq_crazy_yiuf_cottage
D:4:      overflow_temple_1_default, grunt_temple_overflow_open, uniq_menkaure
D:5:      minitemple, minmay_temple_entry_purple_smoke, first_bread,
          corexii_shack, johnstein_pakellas_death_squad
D:6:      uniq_eustachio
Temple:   circular_temple_12

Action                   |  1- 3 |  4- 6 |  7- 9 || total
-------------------------+-------+-------+-------++-------
Melee: Spear             |   150 |   167 |       ||   317
       Hand axe          |       |    89 |   239 ||   328
       Flail             |       |       |    41 ||    41
 Cast: Shock             |    25 |   101 |   233 ||   359
       Repel Missiles    |       |     1 |       ||     1
       Static Discharge  |       |       |    15 ||    15
  Use: Scroll            |     4 |     8 |     6 ||    18
       Potion            |       |       |     1 ||     1
  Eat: Chunk             |     3 |    13 |     6 ||    22
       Fruit             |       |       |     3 ||     3
       Beef jerky        |       |       |     1 ||     1
       Bread ration      |       |       |     3 ||     3
       Meat ration       |       |       |     1 ||     1
